 Dungeon Crawl Stone Soup version 0.29-a0-830-gcb1280458a (webtiles) character file.

Game seed: 1931271012580653363

138483 buhh the Transmogrifier (level 17, -5/158 HPs)
             Began as an Octopode Transmuter on July 11, 2022.
             Was the Champion of Cheibriados.
             Slain by a naga warrior
             ... wielding a +0 dire flail of holy wrath
              (47 damage)
             ... on level 4 of the Snake Pit.
             The game lasted 00:46:00 (36482 turns).

buhh the Transmogrifier (Octopode Transmuter)      Turns: 36482, Time: 00:46:00

Health: -5/158     AC: 34    Str: 43    XL:     17   Next: 26%
Magic:  26/26      EV: 23    Int: 43    God:    Cheibriados [******]
Gold:   657        SH:  0    Dex: 28    Spells: 4/20 levels left

rFire   + + .      SeeInvis +     - Unarmed
rCold   . . .      Faith    .   (no shield)
rNeg    + . .      Spirit   .   (helmet restricted)
rPois   ∞          Reflect  .   Q - amulet of magic regeneration
rElec   +          Harm     .   x - +6 ring of strength
rCorr   .          Rampage  .   G - ring of see invisible
Will    +....                   Y - ring of protection from fire
Stlth   ++++......              H - ring of protection from fire
HPRegen 0.36/turn               J - +6 ring of strength
MPRegen 0.60/turn               N - +6 ring of intelligence
                                S - +6 ring of strength
                                i - +4 ring of protection

@: statue-form, constricted, studying 3 skills, very slow
A: slow and powerful, torment resistance 1, boosted hp, almost no armour,
amphibious, 8 rings, camouflage 1, (gelatinous body 1), (nimble swimmer 1),
tentacles
a: End Transformation, Renounce Religion, Bend Time, Temporal Distortion,
Slouch, Step From Time


You were on level 4 of the Snake Pit.
You worshipped Cheibriados.
Cheibriados was exalted by your worship.
You were a living statue of rough stone.
You visited 5 branches of the dungeon, and saw 27 of its levels.
You also visited: Gauntlet.

You collected 3249 gold pieces.
You spent 2592 gold pieces at shops.

Inventory:

Missiles
 e - 37 poisoned darts
 t - 3 throwing nets
 B - 4 curare-tipped darts
Magical Staves
 U - a staff of cold
Jewellery
 i - a +4 ring of protection (on tentacle)
 p - an amulet of faith
 x - a +6 ring of strength (left tentacle)
 G - a ring of see invisible (right tentacle)
 H - a ring of protection from fire (on tentacle)
 I - a ring of protection from cold
 J - a +6 ring of strength (on tentacle)
 M - a ring of willpower
 N - a +6 ring of intelligence (on tentacle)
 P - a ring of positive energy
 Q - an amulet of magic regeneration (around mantle)
 S - a +6 ring of strength (on tentacle)
 T - an amulet of the acrobat
 W - a ring of ice
 Y - a ring of protection from fire (on tentacle)
Wands
 j - a wand of polymorph (13)
 C - a wand of iceblast (8)
 D - a wand of paralysis (17)
 E - a wand of flame (42)
 O - a wand of mindburst (6)
Scrolls
 a - 3 scrolls of identify {!d}
 b - 4 scrolls of blinking {!d}
 c - 6 scrolls of teleportation {!d!d}
 d - 5 scrolls of magic mapping {!d}
 f - 3 scrolls of fog
 g - 6 scrolls of amnesia
 h - a scroll of enchant armour
 k - a scroll of torment
 l - 2 scrolls of immolation {!r}
 n - 3 scrolls of brand weapon
 F - 5 scrolls of vulnerability
 K - 3 scrolls of noise
 V - a scroll of fear {!d}
 X - a scroll of silence {unknown}
Potions
 m - 3 potions of might
 o - 6 potions of mutation {!q!d}
 q - a potion of magic {!d}
 r - 2 potions of cancellation {!q!d}
 s - 2 potions of resistance {!d}
 u - 3 potions of ambrosia {!d}
 v - 6 potions of curing {!d}
 w - 4 potions of heal wounds {!d}
 y - 4 potions of haste {!q}
 z - 3 potions of berserk rage {!q}
 L - 7 potions of attraction
 R - 4 potions of degeneration
 Z - 8 potions of flight
Miscellaneous
 A - a phantom mirror


   Skills:
 - Level 13.0 Fighting
 * Level 13.5 Dodging
 - Level 2.0 Stealth
 - Level 13.0 Unarmed Combat
 - Level 2.0 Spellcasting
 - Level 14.0 Transmutations
 - Level 6.0 Ice Magic
 - Level 11.0 Earth Magic
 - Level 4.0 Poison Magic
 - Level 13.0 Invocations


You had 4 spell levels left.
You knew the following spells:

 Your Spells              Type           Power      Damage    Failure   Level
a - Beastly Appendage     Tmut           100%       N/A       0%          1
b - Wereblood             Tmut           90%        N/A       0%          2
c - Spider Form           Tmut/Pois      69%        N/A       1%          3
d - Ice Form              Ice/Tmut       74%        N/A       1%          4
f - Statue Form           Tmut/Erth      56%        N/A       3%          6

Your spell library contained the following spells:

 Spells                   Type           Power      Damage    Failure   Level
 Freeze                   Ice            100%       1d11      1%          1
 Ensorcelled Hibernation  Hex/Ice        60%        N/A       1%          2
 Passwall                 Tmut/Erth      70%        N/A       1%          2
 Frozen Ramparts          Ice            100%       1d12      1%          3
 Ignite Poison            Fire/Tmut/Pois 54%        N/A       1%          3
 Petrify                  Tmut/Erth      84%        N/A       1%          4
 Poisonous Vapours        Pois/Air       42%        N/A       2%          2
 Apportation              Tloc           8%         N/A       3%          1
 Necrotise                Necr           16%        1d4       3%          1
 Shock                    Conj/Air       16%        1d4       3%          1
 Summon Small Mammal      Summ           16%        N/A       3%          1
 Leda's Liquefaction      Hex/Erth       25%        N/A       3%          4
 Scorch                   Fire           8%         2d5       4%          2
 Sublimation of Blood     Necr           4%         N/A       4%          2
 Mephitic Cloud           Conj/Pois/Air  15%        N/A       6%          3
 Olgreb's Toxic Radiance  Pois           38%        N/A       6%          4
 Dazzling Flash           Conj/Hex       8%         N/A       10%         3
 Gell's Gravitas          Tloc           4%         N/A       10%         3
 Lesser Beckoning         Tloc           4%         N/A       10%         3
 Swiftness                Air            4%         N/A       10%         3
 Teleport Other           Tloc           4%         N/A       10%         3
 Hailstorm                Conj/Ice       30%        3d8       10%         4
 Corpse Rot               Necr/Pois/Air  15%        N/A       19%         4
 Airstrike                Air            2%         0-2+      32%         4
 Dispel Undead            Necr           4%         3d7       32%         4
 Flame Wave               Conj/Fire      4%         2d5       32%         4
 Fulminant Prism          Conj/Hex       2%         3d6       32%         4
 Iskenderun's Mystic Bla  Conj/Tloc      4%         2d3       32%         4
 Summon Lightning Spire   Summ/Air       4%         N/A       32%         4
 Blade Hands              Tmut           45%        N/A       1%          5
 Lee's Rapid Deconstruct  Erth           39%        3d20*     1%          5
 Irradiate                Conj/Tmut      29%        3d21      4%          5
 Dragon Form              Tmut           45%        N/A       9%          7
 Metabolic Englaciation   Hex/Ice        15%        N/A       26%         5
 Freezing Cloud           Conj/Ice/Air   10%        6-21      36%         5
 Agony                    Necr           4%         N/A       65%         5
 Fireball                 Conj/Fire      2%         3d4       65%         5
 Lightning Bolt           Conj/Air       2%         1d13      65%         5
 Silence                  Hex/Air        2%         N/A       65%         5
 Storm Form               Tmut/Air       29%        N/A       83%         7
 Ozocubu's Refrigeration  Ice            27%        4d10      93%         7
 Death Channel            Necr           2%         N/A       99%         6
 Starburst                Conj/Fire      2%         6d3       99%         6
 Summon Cactus Giant      Summ           2%         N/A       99%         6
 Summon Hydra             Summ           2%         N/A       100%        7
 Disjunction              Tloc           2%         N/A       100%        8
 Ignition                 Fire           2%         3d3       100%        8
 Maxwell's Capacitive Co  Air            2%         ∞         100%        8


Dungeon Overview and Level Annotations

Branches:
Dungeon (14/15) Zot: 40076  Temple (1/1) D:6 Zot: 8662    Lair (6/6) D:10 Zot: 35354
 Shoals (0/4) Lair:2        Snake (4/4) Lair:4 Zot: 28599   Slime (0/5) Lair:6
    Orc (2/2) D:11 Zot: 14769     Elf (0/3) Orc:2        Vaults (0/5) D:13
Gauntlet (visited)

Altars:
Ashenzari
Cheibriados
Dithmenos
Elyvilon
Fedhas
Gozag
Hepliaklqana
Kikubaaqudgha
Makhleb
Nemelex Xobeh
Okawaru
Qazlal
Ru
Sif Muna
Trog
Uskayaw
Vehumet
Wu Jian
Xom
Yredelemnul
Zin
The Shining One
Jiyva

Shops:
D:4 *   D:6 (   D:8 *   D:10 *   Orc:1 :   Orc:2 =([=

Annotations:
D:3 exclusion: downstairs
D:4 Dowan; Duvessa; Pikel
D:5 1 transporter, SirDiesAlot's ghost, novice KoEn
D:7 3 runed translucent doors, exclusions: steam dragon and 4 wights, zhov's ghost, novice DsNe
D:8 exclusion: downstairs, Grum
D:9 Erica
D:13 exclusion: downstairs
D:14 Jorgrun
Lair:1 exclusion: oklob plant
Lair:2 2 runed translucent doors, jimonade's ghost, journeyman FoFi
Lair:4 3 runed translucent doors, exclusion: downstairs, Dobruq's ghost, journeyman OgTm; Saozxam's ghost, journeyman KoHu
Lair:5 3 runed translucent doors, exclusions: 3 doors and downstairs, Buqosi's ghost, journeyman BaIE; Novit's ghost, journeyman OpAE


Innate Abilities, Weirdness & Mutations

You are a living statue of rough stone.
Your actions are slow, but your melee attacks are powerful.
You are resistant to unholy torment.
Your maximum health is greatly increased.
You are immune to poison.
You cannot wear most types of armour.
You are amphibious.
You can wear up to eight rings at the same time.
Your skin changes colour to match your surroundings (Stealth+).
((Your rubbery body absorbs attacks. (AC +1, EV +1)))
((You are camouflaged when in or above water. (Stealth+)))
You have tentacles for arms and can constrict up to eight enemies at once.


Message History

A naga mage comes into view. It is wielding a +0 whip.
The naga sharpshooter spits poison at you.
The splash of poison misses you.
You hear a shout! x3
You batter the naga sharpshooter!! You squeeze the naga sharpshooter.
The naga sharpshooter is severely wounded.
The naga sharpshooter shoots an arrow.
The arrow hits you but does no damage.
You batter the naga sharpshooter!!
The naga sharpshooter is almost dead.
The naga sharpshooter shoots an arrow.
The arrow completely misses you.
You barely miss the naga sharpshooter.
You squeeze the naga sharpshooter, but do no damage.
The naga sharpshooter is almost dead.
A naga warrior comes into view. It is wielding a +0 halberd.
The naga sharpshooter shoots an arrow.
The arrow hits you.
You batter the naga sharpshooter!!
You kill the naga sharpshooter!
Cheibriados thoroughly appreciates the change of pace.
A naga sharpshooter comes into view. It is wielding a +0 hand axe.
The naga warrior roars a battlecry!
The naga warrior goes into a battle-frenzy!
The naga warrior hits you with a +0 dire flail of holy wrath!
The naga warrior grabs you. The naga warrior constricts you.
The naga mage hits you but does no damage.
A naga warrior comes into view. It is wielding a +0 halberd.
The naga warrior hits you with a +0 dire flail of holy wrath!!!
The naga warrior constricts you. The naga mage casts a spell at you.
The bolt of poison misses you.
The naga warrior hits you with a +0 dire flail of holy wrath!
* * * LOW HITPOINT WARNING * * *
The naga warrior constricts you.
The naga mage hits you but does no damage.
Things that are here:
a +0 shortbow; a +0 battleaxe; a +0 robe You are too injured to fight recklessly!
You are too injured to fight recklessly!
You fail to use your ability.
The naga warrior hits you with a +0 dire flail of holy wrath!!!
You die...

..............
.............)
###...[.######
##.....##...
#######.....##..
###.....###.....#.#
##.(.....N.##....###
##...NNN.... ##....#
#...8N# ##...##
#††)### ##...#
##...# #...# #...##
#...# #...# #...#
#...# #...# #...#
#...# #...# ##).##
#...## #...#


You could see 3 naga warriors, a naga sharpshooter (strong) and a naga mage
(strong).

Vanquished Creatures
  7 nagarajas
  An orc warlord (Orc:2)
  Nessos (Lair:6)
  An ettin (Orc:2)
  Josephine (Lair:5)
  2 boulder beetles
  Erolcha (D:12)
  2 catoblepae
  11 hydras
  15 anacondas
  3 two-headed ogres
  2 centaur warriors
  11 naga warriors
  7 naga sharpshooters
  5 shock serpents
  2 orc high priests (Orc:2)
  7 skeletal warriors
  A salamander mystic (Snake:1)
  A glowing orange brain (D:12)
  6 naga ritualists
  3 necromancers
  3 orc knights (Orc:2)
  3 mana vipers (Snake:4)
  3 ugly things
  A wolf spider (Lair:6)
  4 cyclopes
  24 salamanders
  A manticore (D:12)
  30 elephants
  3 guardian serpents
  A torpor snail (Lair:3)
  36 black mambas
  13 naga magi
  11 cane toads
  3 gargoyles
  An unseen horror (D:10)
  2 rime drakes
  A tengu conjurer (D:12)
  4 demonic crawlers (D:12)
  10 komodo dragons
  13 polar bears
  8 trolls
  7 slime creatures
  A dream sheep (Lair:3)
  9 blink frogs
  3 wraiths
  29 yaks
  A spriggan (Lair:3)
  3 wyverns
  4 shadows
  A basilisk (Lair:6)
  3 steam dragons
  8 wargs
  31 nagas
  17 water moccasins
  A floating eye (D:12)
  15 hell hounds (Lair:6)
  27 orc warriors
  12 black bears
  An ice beast (D:7)
  3 ogres
  20 wolves
  7 centaurs
  A lemure (D:4)
  2 phantoms
  3 small abominations (D:12)
  2 kobold brigands
  10 bullfrogs
  3 necrophages
  A troll zombie (D:11)
  5 wights (D:6)
  3 killer bees (D:9)
  8 electric eels
  10 howler monkeys
  3 lava snakes (Lair:6)
  3 quasits (D:5)
  9 hounds
  2 jellies
  A gnoll bouda (D:8)
  22 orc priests
  Jessica (D:2)
  5 hell rats (Lair:3)
  4 iguanas
  32 orc wizards
  5 ogre zombies (D:11)
  6 gnolls
  7 adders
  2 shadow imps (D:5)
  3 white imps (D:5)
  4 ufetubi
  2 dart slugs
  83 orcs
  6 ball pythons
  8 bats
  9 endoplasms
  A giant cockroach (D:4)
  9 goblins
  5 hobgoblins
  8 jackals
  5 quokkas
  5 frilled lizards (D:1)
  2 goblin skeletons (D:11)
  A goblin zombie (D:11)
  2 hobgoblin skeletons (D:11)
  A hobgoblin zombie (D:11)
  15 kobolds
  4 orc skeletons (D:11)
  9 orc zombies (D:11)
  6 rats
  A butterfly (Lair:4)
807 creatures vanquished.

Vanquished Creatures (collateral kills)
  3 elephants (Lair:5)
  A black mamba (Lair:1)
  A cane toad (Lair:5)
  A water moccasin (Lair:5)
6 creatures vanquished.

Vanquished Creatures (others)
  An ogre (D:5)
  A gnoll (D:8)
  A bush (Lair:4)
  12 demonic plants (D:5)
  25 fungi
  48 plants
  6 withered plants (Lair:5)
94 creatures vanquished.

Grand Total: 907 creatures vanquished

Notes
Turn   | Place    | Note
-------+----------+-------------------------------------------
     0 | D:1      | buhh the Octopode Transmuter began the quest for the Orb.
     0 | D:1      | Reached XP level 1. HP: 13/13 MP: 3/3
    25 | D:1      | Reached skill level 1 in Stealth
    25 | D:1      | Reached skill level 1 in Poison Magic
    25 | D:1      | Reached XP level 2. HP: 12/18 MP: 5/5
   230 | D:1      | You fall into a shaft and drop 1 floor!
   514 | D:1      | Reached XP level 3. HP: 23/23 MP: 4/6
   974 | D:1      | Found a faded altar of an unknown god.
  1342 | D:2      | Reached XP level 4. HP: 28/29 MP: 5/7
  1356 | D:2      | Noticed Jessica
  1366 | D:2      | Killed Jessica
  2735 | D:3      | Reached XP level 5. HP: 32/35 MP: 6/8
  2788 | D:3      | Learned a level 2 spell: Wereblood
  2792 | D:3      | Learned a level 3 spell: Spider Form
  3207 | D:4      | Found Otuakeat's General Store.
  3213 | D:4      | Bought a scroll of identify for 20 gold pieces
  3214 | D:4      | Identified a scroll of acquirement
  3216 | D:4      | Acquired 838 gold pieces
  3220 | D:4      | Bought a potion of lignification for 30 gold pieces
  3222 | D:4      | Noticed a phantom
  3232 | D:4      | Killed a phantom
  3233 | D:4      | Reached XP level 6. HP: 42/42 MP: 9/9
  3565 | D:4      | Found a basalt altar of Yredelemnul.
  3591 | D:4      | Noticed Dowan
  3671 | D:4      | Found a white marble altar of Elyvilon.
  4046 | D:4      | Noticed Duvessa
  4314 | D:5      | Entered Level 5 of the Dungeon
  4316 | D:5      | Found a transporter.
  4374 | D:5      | Found a shimmering blue altar of Sif Muna.
  4389 | D:5      | Found an ancient bone altar of Kikubaaqudgha.
  4534 | D:5      | Found a radiant altar of Vehumet.
  4566 | D:5      | Reached XP level 7. HP: 41/47 MP: 10/10
  4630 | D:5      | Reached skill level 5 in Unarmed Combat
  5132 | D:5      | Reached skill level 5 in Dodging
  5365 | D:5      | Reached skill level 5 in Fighting
  5365 | D:5      | Reached XP level 8. HP: 38/55 MP: 9/11
  5476 | D:5      | Identified the ring "Lioqasch" {rF+ rC+ AC+4 Dex+2 Stlth+}
  5483 | D:5      | Noticed SirDiesAlot's ghost (novice KoEn)
  5988 | D:4      | Learned a level 4 spell: Ice Form
  6194 | D:4      | Noticed Pikel
  6376 | D:5      | Identified the +1 ring mail of Minor Irritation {Str+3
                  | Int+3}
  6501 | D:6      | Found a staircase to the Ecumenical Temple.
  6578 | D:6      | Reached skill level 1 in Ice Magic
  7138 | D:5      | Reached skill level 3 in Transmutations
  8037 | D:6      | Found Othriczu's Weapon Shoppe.
  8802 | D:6      | Reached XP level 9. HP: 59/59 MP: 6/12
  8912 | Temple   | Entered the Ecumenical Temple
  9804 | D:7      | Found a runed translucent gate.
  9804 | D:7      | Found a runed translucent gate.
  9804 | D:7      | Found a runed translucent gate.
  9805 | D:7      | Noticed zhov's ghost (novice DsNe)
  9915 | D:7      | Reached skill level 4 in Transmutations
 10083 | D:7      | Noticed a two-headed ogre
 10103 | D:7      | Killed a two-headed ogre
 10216 | D:7      | Reached skill level 5 in Transmutations
 10837 | D:8      | Found Xugie's Overcharged Wands.
 11059 | D:8      | Reached skill level 5 in Ice Magic
 11333 | D:8      | Noticed Grum
 11568 | D:8      | HP: 3/73 [steam dragon (6)]
 12033 | D:9      | Reached skill level 6 in Transmutations
 12221 | D:9      | Reached XP level 10. HP: 66/66 MP: 11/13
 12268 | D:9      | Noticed Erica
 13004 | D:10     | Entered Level 10 of the Dungeon
 13354 | D:10     | Found a staircase to the Lair.
 13442 | D:10     | Found a sparkling altar of Nemelex Xobeh.
 13442 | D:10     | Found a sacrificial altar of Ru.
 13925 | D:10     | Noticed an unseen horror
 13930 | D:10     | Killed an unseen horror
 13983 | D:10     | Found Jemope's General Store.
 13991 | D:10     | Bought a scroll of teleportation for 45 gold pieces
 13991 | D:10     | Bought a scroll of summoning for 142 gold pieces
 14242 | D:10     | Found a snail-covered altar of Cheibriados.
 14243 | D:10     | Found a hide-covered altar of Uskayaw.
 14243 | D:10     | Found a shimmering altar of Xom.
 14243 | D:10     | Found a bloodstained altar of Trog.
 14243 | D:10     | Found a glowing golden altar of the Shining One.
 14246 | D:10     | Became a worshipper of Cheibriados the Contemplative
 14371 | Lair:1   | Entered Level 1 of the Lair of Beasts
 14380 | Lair:1   | Noticed a cane toad
 14391 | Lair:1   | Noticed a black mamba
 14394 | Lair:1   | Killed a cane toad
 14395 | Lair:1   | Reached XP level 11. HP: 28/75 MP: 14/14
 14944 | Lair:1   | Found a blossoming altar of Fedhas.
 14947 | Lair:1   | Noticed an oklob plant
 15813 | Lair:2   | Found a gate leading to a gauntlet.
 15822 | Gauntlet | Entered a Gauntlet
 15822 | Gauntlet | Found a transporter.
 15834 | Gauntlet | Found a transporter.
 15848 | Gauntlet | Found a transporter.
 15852 | Gauntlet | Noticed a cacodemon
 15853 | Gauntlet | Found a transporter.
 15868 | Gauntlet | Found a transporter.
 15868 | Gauntlet | Found the +2 cloak of the Thief {*Fog Slay-2 SInv Stlth+}
 15884 | Gauntlet | Found a transporter.
 15890 | Gauntlet | Noticed a death yak
 15891 | Gauntlet | Noticed a death yak
 15891 | Gauntlet | Noticed a death yak
 15892 | Gauntlet | Noticed a death yak
 15894 | Gauntlet | Noticed a death yak
 15895 | Gauntlet | Noticed a death yak
 15899 | Gauntlet | Found a transporter.
 15902 | Gauntlet | Noticed a quicksilver ooze
 15907 | Gauntlet | Found a large runed translucent door.
 15907 | Gauntlet | Noticed a sixfirhy
 15908 | Gauntlet | Found a large runed translucent door.
 15909 | Gauntlet | Found a large runed translucent door.
 15909 | Gauntlet | Found a large runed translucent door.
 15909 | Gauntlet | Noticed a sixfirhy
 15909 | Gauntlet | Noticed a sixfirhy
 15910 | Gauntlet | Found a runed translucent gate.
 15911 | Gauntlet | Found a transporter.
 15911 | Gauntlet | Found a runed translucent gate.
 15912 | Gauntlet | Found a runed translucent gate.
 15913 | Gauntlet | Found a large runed translucent door.
 15913 | Gauntlet | Found a large runed translucent door.
 15913 | Gauntlet | Found a runed translucent door.
 15913 | Gauntlet | Found a runed translucent door.
 15914 | Gauntlet | Found a large runed translucent door.
 15915 | Gauntlet | Found a large runed translucent door.
 15917 | Gauntlet | Found a transporter.
 15917 | Gauntlet | Found a transporter.
 15918 | Gauntlet | Noticed a sixfirhy
 15924 | Gauntlet | Found a large runed translucent door.
 15924 | Gauntlet | Found a large runed translucent door.
 15925 | Gauntlet | Found a large runed translucent door.
 15926 | Gauntlet | Found a large runed translucent door.
 15934 | Gauntlet | Found a transporter.
 15946 | Gauntlet | Found a transporter.
 15949 | Gauntlet | Noticed a death scarab
 15963 | Gauntlet | Found a transporter.
 15963 | Gauntlet | Noticed a death scarab
 15980 | Gauntlet | Found a transporter.
 15982 | Gauntlet | Found a transporter.
 16008 | Gauntlet | Found a transporter.
 16010 | Gauntlet | Found a transporter.
 16034 | Gauntlet | Found a transporter.
 16379 | Lair:2   | Found a large runed translucent door.
 16379 | Lair:2   | Found a large runed translucent door.
 16413 | Lair:2   | Noticed jimonade's ghost (journeyman FoFi)
 16413 | Lair:2   | Found the +7 sceptre of Torment {pain, torment}
 16461 | Lair:2   | Reached skill level 1 in Invocations
 16660 | Lair:2   | Found a staircase to the Shoals.
 16834 | Lair:2   | Noticed a four-headed hydra
 16842 | Lair:2   | Killed a four-headed hydra
 17787 | Lair:3   | Noticed a boulder beetle
 17800 | Lair:3   | Killed a boulder beetle
 17801 | Lair:3   | Reached skill level 7 in Transmutations
 17927 | Lair:3   | Reached * piety under Cheibriados
 17952 | Lair:3   | Reached XP level 12. HP: 34/84 MP: 15/15
 17961 | Lair:3   | Reached skill level 10 in Dodging
 17961 | Lair:3   | Reached skill level 10 in Unarmed Combat
 18269 | Lair:3   | Reached skill level 8 in Transmutations
 18452 | Lair:3   | Reached ** piety under Cheibriados
 19034 | Lair:4   | Noticed a five-headed hydra
 19040 | Lair:4   | Killed a five-headed hydra
 19205 | Lair:4   | Noticed an eight-headed hydra
 19211 | Lair:4   | Killed an eight-headed hydra
 19361 | Lair:4   | Found a staircase to the Snake Pit.
 19427 | Lair:4   | Reached skill level 9 in Transmutations
 19526 | Lair:4   | Reached skill level 5 in Invocations
 19732 | Lair:4   | Noticed a four-headed hydra
 19741 | Lair:4   | Killed a four-headed hydra
 19919 | Lair:4   | Noticed a catoblepas
 19928 | Lair:4   | Reached *** piety under Cheibriados
 19929 | Lair:4   | Reached skill level 10 in Transmutations
 19937 | Lair:4   | Killed a catoblepas
 19938 | Lair:4   | Reached XP level 13. HP: 92/92 MP: 17/17
 20245 | Lair:4   | Found a runed translucent gate.
 20248 | Lair:4   | Found a runed translucent gate.
 20249 | Lair:4   | Found a runed translucent gate.
 20251 | Lair:4   | Noticed Saozxam's ghost (journeyman KoHu)
 20251 | Lair:4   | Noticed Dobruq's ghost (journeyman OgTm)
 20263 | Lair:4   | Reached skill level 10 in Fighting
 21346 | Lair:5   | Reached **** piety under Cheibriados
 21354 | Lair:5   | Reached skill level 11 in Transmutations
 22049 | Lair:5   | Found a runed translucent gate.
 22050 | Lair:5   | Found a runed translucent gate.
 22051 | Lair:5   | Found a runed translucent gate.
 22052 | Lair:5   | Noticed Novit's ghost (journeyman OpAE)
 22052 | Lair:5   | Noticed Buqosi's ghost (journeyman BaIE)
 22365 | Lair:6   | Entered Level 6 of the Lair of Beasts
 22365 | Lair:6   | Noticed Josephine
 22416 | Lair:5   | Killed Josephine
 22621 | Lair:6   | Noticed Nessos
 22622 | Lair:6   | Killed Nessos
 23621 | Lair:6   | Reached skill level 12 in Transmutations
 23674 | Lair:6   | Found a viscous altar of Jiyva.
 23674 | Lair:6   | Found a staircase to the Slime Pits.
 23711 | Lair:6   | Reached XP level 14. HP: 73/99 MP: 19/19
 24049 | Lair:6   | Reached skill level 1 in Earth Magic
 24403 | Lair:6   | Reached ***** piety under Cheibriados
 25053 | Lair:6   | Reached skill level 13 in Transmutations
 25178 | Lair:6   | Identified the +9 sling of Sloth {freeze, rC+ Dex+2}
 26458 | D:11     | Found a staircase to the Orcish Mines.
 26784 | D:11     | Reached skill level 5 in Earth Magic
 27447 | D:11     | Learned a level 6 spell: Statue Form
 27508 | D:12     | Identified the +1 leather armour of Qilum {Rampage rN+
                  | Int-2}
 27804 | D:12     | Identified the +9 falchion "Lieweqec" {spect, rElec rC+}
 28134 | D:12     | Noticed Erolcha
 28140 | D:12     | Killed Erolcha
 28217 | D:12     | Reached XP level 15. HP: 88/106 MP: 22/22
 28542 | D:12     | Reached skill level 14 in Transmutations
 28693 | D:12     | Got the Compendium of the Calid Excursion
 28921 | D:13     | Reached skill level 10 in Invocations
 28929 | D:13     | Found a gate to the Vaults.
 29886 | D:13     | Found an ornate altar of the Wu Jian Council.
 30097 | D:14     | Noticed Jorgrun
 30229 | Orc:1    | Entered Level 1 of the Orcish Mines
 30265 | Orc:1    | You fall into a shaft and drop 1 floor!
 30265 | Orc:2    | Entered Level 2 of the Orcish Mines
 30513 | Orc:2    | Found a staircase to the Elven Halls.
 30534 | Orc:2    | Reached ****** piety under Cheibriados
 30745 | Orc:2    | Noticed an orc warlord
 30753 | Orc:2    | Killed an orc warlord
 31002 | Orc:2    | Found Roiqilu's Antique Weapon Emporium.
 31164 | Orc:2    | Found Ollocs's Jewellery Shoppe.
 31457 | Orc:2    | Found Pujemp's Jewellery Emporium.
 31462 | Orc:2    | Bought a ring of willpower for 375 gold pieces
 31462 | Orc:2    | Bought a +4 ring of protection for 540 gold pieces
 31491 | Orc:2    | Found Yshra's Antique Armour Shoppe.
 31541 | Orc:1    | Found Xeateek's Book Shoppe.
 31574 | Orc:1    | Bought a manual of Unarmed Combat for 960 gold pieces
 31878 | Orc:1    | Bought a book of Transfigurations for 480 gold pieces
 32057 | Snake:1  | Entered Level 1 of the Snake Pit
 32081 | Lair:4   | Reached skill level 10 in Earth Magic
 33109 | Snake:2  | Reached XP level 16. HP: 112/112 MP: 22/24
 33225 | Snake:2  | Noticed a nagaraja
 33232 | Snake:2  | Killed a nagaraja
 34678 | Snake:3  | Identified the +1 helmet of Reopt {+Blink rPois Dex+4}
 34829 | Snake:3  | Paralysed by a naga ritualist for 2 turns
 35376 | Snake:4  | Entered Level 4 of the Snake Pit
 35708 | Snake:4  | Noticed a nagaraja
 35716 | Snake:4  | Killed a nagaraja
 35717 | Snake:4  | Reached XP level 17. HP: 119/122 MP: 26/26
 36482 | Snake:4  | Slain by a naga warrior

Illustrated notes

Levels and vault maps discovered:
D:1:      spicycebolla_arrival_xxxplode, layout_basic,
          dreamdust_ecumenical_altar_statues
D:2:      layout_loops_ring, uniq_jessica
D:3:      layout_basic
D:4:      layout_loops_cross, kennysheep_ying_yang, serial_shops,
          nicolae_shop_advertising_works [nicolae_subvault_shop_adworks],
          uniq_duvessa, uniq_pikel
D:5:      kennysheep_spiral_hall, layout_rooms, palyth_temple_overflow_mages,
          gammafunk_ghost_gnarly_gnolls, serial_demonic, serial_demonic_g,
          serial_demonic_g, serial_demonic_a, serial_demonic_c,
          serial_demonic_d, serial_demonic_d, serial_demonic_g, minivault_23,
          minmay_manual_mail
D:6:      layout_loops_cross, temple_green, serial_shops,
          nicolae_shop_waterfront
D:7:      layout_loops_corners, gammafunk_ghost_necromancy
D:8:      layout_loops_ring, nicolae_kite_square_tiling_tiny,
          nicolae_shop_overcharged_wands, uniq_grum
D:9:      layout_basic, uniq_erica
D:10:     layout_long_grid, minitemple, lair_entry_dummy, serial_shops, shop
D:11:     layout_basic, zombieorc1_lemuel, minmay_librarian
D:12:     cheibrodos_hippocracy, layout_rooms, uniq_erolcha
D:13:     layout_basic, david_vaults_1, nicolae_wu_jian_immortal_techniques
D:14:     layout_small_grid, serial_shops, shop, minivault_11, uniq_jorgrun
Temple:   jpeg_temple_alley_garden
Lair:1:   layout_regular_city, serial_bayou, serial_bayou_ford_a,
          serial_bayou_lagoon_b, serial_bayou_shore_b, serial_bayou_pond_e,
          hangedman_tree_tricks, grunt_megastairs_3
Lair:2:   layout_roguey, shoals_dummy_entry, gauntlet_entry_generic,
          ebering_ghost_disaster_area, nicolae_lair_grove_arrangements,
          serial_bayou_shore_b
Lair:3:   layout_chaotic_city, grunt_forest_large_clearing_hut,
          grunt_megastairs_2
Lair:4:   layout_roguey, minmay_snake_entry_guardpost_small,
          gammafunk_ghost_cemetery, lemuel_fruit_fields
Lair:5:   layout_regular_city, gammafunk_ghost_cemetery,
          infiniplex_staircase_pool_2
Lair:6:   hangedman_lair_caniforms_friends, layout_hall_layers, wormcave,
          dpeg_slime_entry_enclosed, nicolae_lair_liquid_snakes, uniq_nessos,
          uniq_josephine
Snake:1:  layout_cave_shapes, nicolae_snake_salamander_zone
Snake:2:  layout_grid_shapes, nicolae_integral_box
Snake:3:  layout_honeycomb, grunt_megastairs_1
Snake:4:  grunt_snake_rune_spirals, layout_onion, drop_trap
Orc:1:    layout_caves, serial_shops, shop
Orc:2:    grunt_orc_community_town_hall, layout_caves,
          grunt_orc_community_big_house_2, grunt_orc_community_big_house_1,
          grunt_orc_community_house_2, grunt_orc_community_house_2,
          grunt_orc_community_house_2, grunt_orc_community_house_3,
          grunt_orc_community_house_2

Skill      XL: |  1  2  3  4  5  6  7  8  9 10 11 12 13 14 15 16 17 |
---------------+----------------------------------------------------+-----
Stealth        | 1 2 |  2.0
Poison Magic   | 1 3 4 |  4.0
Fighting       | 2 3 5 7 8 9 10 11 13 | 13.0
Dodging        | 3 4 5 6 7 8 9 10 12 13 | 13.5
Unarmed Combat | 4 5 6 7 8 9 10 11 12 13 | 13.0
Ice Magic      | 2 6 |  6.0
Transmutations | 3 6 7 10 12 13 14 | 14.0
Invocations    | 3 6 7 9 11 12 13 | 13.0
Earth Magic    | 6 10 11 | 11.0
Spellcasting   | |  2.0

Action                   |  1- 3 |  4- 6 |  7- 9 | 10-12 | 13-15 | 16-18 || total
-------------------------+-------+-------+-------+-------+-------+-------++-------
Melee: Unarmed           |    83 |   114 |   281 |   321 |   716 |   232 ||  1747
       Constrict         |    20 |    19 |    11 |       |    65 |    25 ||   140
       Kick              |    17 |    19 |     3 |       |       |       ||    39
       Tentacles         |    12 |    15 |    11 |     1 |    65 |    71 ||   175
       Punch             |     2 |     2 |       |     2 |    27 |    21 ||    54
 Cast: Beastly Appendage |    22 |    37 |     9 |       |       |       ||    68
       Spider Form       |       |     3 |    29 |       |       |       ||    32
       Ice Form          |       |       |     5 |    65 |    74 |       ||   144
       Wereblood         |       |       |     4 |     8 |    14 |     2 ||    28
       Statue Form       |       |       |       |       |    75 |    45 ||   120
Invok: Slouch            |       |       |       |       |     8 |       ||     8
       Step From Time    |       |       |       |       |       |     1 ||     1
Evoke: Wand              |       |       |     8 |     5 |     1 |       ||    14
       Phantom mirror    |       |       |       |     1 |       |       ||     1
  Use: Potion            |     1 |     1 |     4 |     5 |     5 |     1 ||    17
       Scroll            |       |     5 |     9 |     6 |    19 |       ||    39
 Stab: Sleeping          |     4 |    13 |     1 |     1 |     5 |     3 ||    27
       Paralysed         |       |       |    18 |       |     1 |       ||    19
       Petrified         |       |       |       |       |     2 |       ||     2
Armor: Skin              |    35 |    14 |    17 |    71 |   383 |   179 ||   699
Dodge: Dodged            |    43 |    64 |   269 |   214 |   962 |   509 ||  2061

Table legend: (Time is in decaauts)
 A = Elapsed time spent in this place.
 B = Non-inter-level travel time spent in this place.
 C = Inter-level travel time spent in this place.
 D = Time resting spent in this place.
 E = Time spent auto-exploring this place.
 F = Levels seen in this place.
 G = Mean time per level.
                   A        B        C        D        E       F      G
               +--------+--------+--------+--------+--------+-----+--------+
         Total |  46287 |  43879 |   2408 |   6004 |  31423 |  28 | 1653.1 |
       Dungeon |  21079 |  19995 |   1084 |   4020 |  13222 |  14 | 1505.6 |
        Temple |    224 |    174 |     50 |      0 |    170 |   1 |  224.0 |
          Lair |  13928 |  13166 |    762 |   1366 |  10091 |   6 | 2321.3 |
     Snake Pit |   7403 |   7262 |    141 |    617 |   5355 |   4 | 1850.8 |
  Orcish Mines |   3233 |   2865 |    368 |      0 |   2271 |   2 | 1616.5 |
      Gauntlet |    417 |    417 |      0 |      0 |    312 |   1 |  417.0 |
               +--------+--------+--------+--------+--------+-----+--------+

Top non-repeatable levels by time:
  Lair:6: 3350 daAuts
  Lair:5: 3167 daAuts
     D:5: 2838 daAuts
  Lair:4: 2427 daAuts
 Snake:2: 2402 daAuts
   Orc:2: 2335 daAuts
    D:13: 2219 daAuts
    D:12: 2199 daAuts
 Snake:3: 2134 daAuts
    D:11: 2000 daAuts
  Lair:3: 1977 daAuts
    D:10: 1911 daAuts
     D:6: 1827 daAuts
  Lair:2: 1764 daAuts
 Snake:1: 1568 daAuts
